 Dungeon Crawl Stone Soup version 0.31-a0-845-g9abc20d24f (webtiles) character file.

Game seed: 15982789787331338666

88 Kurtz the Chopper (level 4, 0/31 HPs)
             Began as an Octopode Fighter on Oct 1, 2023.
             Succumbed to a scorpion's poison
             ... on level 2 of the Dungeon.
             The game lasted 00:00:31 (1125 turns).

Kurtz the Chopper (Octopode Fighter)                Turns: 1125, Time: 00:00:31

Health: 0/31       AC:  1    Str: 17    XL:     4   Next: 54%
Magic:  4/4        EV: 13    Int: 10    God:
Gold:   79         SH:  4    Dex: 11    Spells: 3/3 levels left

rFire   . . .        a - +0 war axe
rCold   . . .        b - +0 buckler
rNeg    . . .        (helmet restricted)
rPois   .            (no amulet)
rElec   .            (no ring)
rCorr   .            (no ring)
SInv    .            (no ring)
Will    .....        (no ring)
Stlth   ++           (no ring)
HPRegen 0.25/turn    (no ring)
MPRegen 0.09/turn    (no ring)
                     (no ring)

%: no passive effects
@: lethally poisoned (0 -> -12)
A: almost no armour, amphibious, 8 rings, camouflage 1, gelatinous body 1,
(nimble swimmer 1), tentacles
a: no special abilities


You were on level 2 of the Dungeon.
You visited 1 branch of the dungeon, and saw 2 of its levels.

You collected 79 gold pieces.

Inventory:

Hand Weapons
 a - a +0 war axe (weapon)
Armour
 b - a +0 buckler (worn)
Scrolls
 f - a scroll of identify {unknown}
Potions
 c - a potion of might
 d - a potion of invisibility {unknown}
 e - a potion of brilliance {unknown}
 g - a potion of attraction {unknown}


   Skills:
 - Level 3.0 Fighting
 * Level 4.6 Axes
 - Level 3.0 Dodging
 - Level 3.0 Shields


You had 3 spell levels left.
You didn't know any spells.
Your spell library contained the following spells:

 Spells                   Type           Power      Damage    Failure   Level
 Call Canine Familiar     Summ           0%         N/A       82%         3
 Sigil of Binding         Hex            0%         N/A       82%         3
 Dimensional Bullseye     Hex/Tloc       0%         N/A       99%         4
 Leda's Liquefaction      Hex/Erth       0%         N/A       99%         4


Dungeon Overview and Level Annotations

Branches:
Dungeon (2/15)

Altars:


Innate Abilities, Weirdness & Mutations

You cannot wear most types of armour.
You are amphibious.
You can wear up to eight rings at the same time.
Your skin changes colour to match your surroundings (Stealth+).
Your rubbery body absorbs attacks. (AC +1, EV +1)
((You are camouflaged when in or above water. (Stealth+)))
You have tentacles for arms and can constrict up to eight enemies at once.


Message History

The worm is moderately wounded.
You constrict the worm. The worm bites you but does no damage.
A worm is nearby!
You hit the worm.
The worm is heavily wounded.
You constrict the worm.
A worm is nearby!
You slash the worm!
You kill the worm!
A scorpion is nearby!
The helpless scorpion fails to defend itself.
You slash the scorpion! Your grab misses the scorpion.
The scorpion is heavily wounded.
You block the scorpion's attack.
A scorpion is nearby!
You closely miss the scorpion. You grab the scorpion.
The scorpion is heavily wounded.
You constrict the scorpion. The scorpion stings you.
You are poisoned.
The scorpion poisons you! The scorpion stings you.
You are lethally poisoned!
The scorpion poisons you!
A dart slug comes into view.
You hit the scorpion.
The scorpion is almost dead.
You constrict the scorpion, but do no damage.
You feel extremely sick. The scorpion stings you.
You hit the scorpion.
You kill the scorpion!
* * * LOW HITPOINT WARNING * * *
You feel very sick. The dart slug launches a dart at you.
The slug dart hits you.
* * * LOW HITPOINT WARNING * * *
Your life force feels restored.
Your Axes skill increases to level 4!
You have reached level 4!
Unknown command.
You die...

#.# #.# .## #.# ...
... #.. #.# #w# #.#
..##.# # ##
#.#†#@##.####
#.##............ #
#.###.#.###....
#.#####.#.##........
#.....†......#######
#.......####.#
##.##...###..#
##..#.#.#.#.#
#...........


There were no monsters in sight!

Vanquished Creatures
  A scorpion (D:2)
  A worm (D:2)
  3 ball pythons (D:1)
  2 bats (D:1)
  2 endoplasms (D:1)
  2 goblins (D:1)
  5 hobgoblins (D:1)
  3 kobolds
  6 rats
  A spectral kobold (D:2)
26 creatures vanquished.

Notes
Turn   | Place    | Note
-------+----------+-------------------------------------------
     0 | D:1      | Kurtz the Octopode Fighter began the quest for the Orb.
     0 | D:1      | Reached XP level 1. HP: 16/16 MP: 1/1
   136 | D:1      | Reached XP level 2. HP: 18/21 MP: 2/2
   264 | D:1      | Reached skill level 3 in Axes
   856 | D:1      | Reached XP level 3. HP: 26/26 MP: 3/3
  1032 | D:2      | Found a faded altar of an unknown god.
  1108 | D:2      | Noticed a scorpion
  1124 | D:2      | Killed a scorpion
  1125 | D:2      | Reached skill level 4 in Axes
  1125 | D:2      | Reached XP level 4. HP: 2/31 MP: 4/4
  1125 | D:2      | Succumbed to a scorpion's poison

Illustrated notes

Levels and vault maps discovered:
D:1:      saegor_arrival_under_anarchy, layout_basic
D:2:      layout_loops_ring, dreamdust_ecumenical_altar_drowned_temple,
          minmay_misc_feat_doors, grunt_ministairs_3

Skill      XL: |  1  2  3 |
---------------+----------+-----
Axes           | 3 4 |  4.6
Fighting       | |  3.0
Dodging        | |  3.0
Shields        | |  3.0

Action                     |  1- 3 |  4- 6 || total
---------------------------+-------+-------++-------
  Melee: War axe           |    44 |       ||    44
         Constrict         |    10 |       ||    10
         Tentacles         |     5 |       ||     5
         Punch             |     1 |       ||     1
   Stab: Sleeping          |     4 |       ||     4
 Armour: Skin              |    18 |       ||    18
  Dodge: Dodged            |    15 |       ||    15
  Block: Buckler           |     7 |       ||     7

Table legend: (Time is in decaauts)
 A = Elapsed time spent in this place.
 B = Non-inter-level travel time spent in this place.
 C = Inter-level travel time spent in this place.
 D = Time resting spent in this place.
 E = Time spent auto-exploring this place.
 F = Levels seen in this place.
 G = Mean time per level.
                   A        B        C        D        E       F      G
               +--------+--------+--------+--------+--------+-----+--------+
         Total |   1142 |   1036 |    106 |      0 |    869 |   2 |  571.0 |
       Dungeon |   1142 |   1036 |    106 |      0 |    869 |   2 |  571.0 |
               +--------+--------+--------+--------+--------+-----+--------+

Top non-repeatable levels by time:
     D:1: 1041 daAuts
     D:2: 100 daAuts
